PL
VANCOUVER GREY WOLVES @ MONTANA PANDAS
05/16/2034
 
TOP OF THE 1ST
Vancouver Grey Wolves batting - Pitching for Montana Pandas : RHP Mick Alston
Pitching: RHP Mick Alston
Batting: RHB Urs van Munster 0-0: Ball
1-0: SINGLE (Line Drive, 6MD)
Batting: LHB Preston Witt 0-0: Ball
1-0: Called Strike
1-1: Ball
2-1: SINGLE (Groundball, 4MD)
Urs van Munster to second
Runner from 2nd tries for 3rd, SAFE, no throw
Batting: LHB Michael Malloy 0-0: Foul Ball, location: 2F
0-1: Foul Ball, location: 2F
0-2: Ball
1-2: Ball
2-2: Foul Ball, location: 2F
2-2: Fly out, F3 (Popup, 34S)
Batting: RHB Hugh Mungus 0-0: Swinging Strike
0-1: Ball
1-1: Fly out, F7 (Flyball, 7S)
Runner from 3rd tags up, SCORES, no throw
Batting: LHB Johan Kroening 0-0: Ball
1-0: Ball
2-0: Ball
3-0: Called Strike
3-1: Swinging Strike
3-2: Strikes out looking
Top of the 1st over - 1 run, 2 hits, 0 errors, 1 left on base; Vancouver 1 - Montana 0
BOTTOM OF THE 1ST
Montana Pandas batting - Pitching for Vancouver Grey Wolves : RHP Ambrose Randall
Pitching: RHP Ambrose Randall
Batting: RHB Bernardo Herrera 0-0: Called Strike
0-1: Swinging Strike
0-2: Fly out, F8 (Flyball, 8LD)
Batting: LHB Dewitt Hopper 0-0: Ball
1-0: Ball
2-0: Called Strike
2-1: Fly out, F8 (Line Drive, 8RM)
Batting: RHB Armando Alvarado 0-0: Ball
1-0: DOUBLE (Line Drive, 9D)
Batting: RHB Tommy Jones 0-0: Foul Ball, location: 2F
0-1: Called Strike
0-2: Fly out, F9 (Flyball, 89D)
Bottom of the 1st over - 0 runs, 1 hit, 0 errors, 1 left on base; Vancouver 1 - Montana 0
TOP OF THE 2ND
Vancouver Grey Wolves batting - Pitching for Montana Pandas : RHP Mick Alston
Batting: RHB Sixto Estrada 0-0: Ball
1-0: Called Strike
1-1: Ball
2-1: Ball
3-1: Foul Ball, location: 2F
3-2: Foul Ball, location: 2F
3-2: Strikes out swinging
Batting: RHB José Jarca 0-0: Foul Ball, location: 2F
0-1: Foul Ball, location: 2F
0-2: Ball
1-2: Ball
2-2: Foul Ball, location: 2F
2-2: Ball
3-2: SINGLE (Groundball, 6MD)
Batting: RHB Ángelo Delgado 0-0: Called Strike
0-1: Ball
1-1: Ball
2-1: Fly out, F3 (Popup, 3S)
Batting: RHB Dhyana Snigdha 0-0: Ball
1-0: Ground out 5-3 (Groundball, 56S)
Top of the 2nd over - 0 runs, 1 hit, 0 errors, 1 left on base; Vancouver 1 - Montana 0
BOTTOM OF THE 2ND
Montana Pandas batting - Pitching for Vancouver Grey Wolves : RHP Ambrose Randall
Batting: RHB Gabriel Maldonado 0-0: Called Strike
0-1: Ball
1-1: Ball
2-1: Ball
3-1: Base on Balls
Batting: LHB César Gómes 0-0: Ball
1-0: Foul Ball, location: 2F
1-1: Ball
2-1: Ball
3-1: Swinging Strike
3-2: Base on Balls
Gabriel Maldonado to second
Batting: RHB Gerardo Castillo 0-0: Ball
1-0: Called Strike
1-1: Foul Ball, location: 2F
1-2: Foul Ball, location: 2F
1-2: Ball
2-2: Foul Ball, location: 2F
2-2: Hit by Pitch
Gabriel Maldonado to third
César Gómes to second
Batting: RHB Lionel McCloud 0-0: Ball
1-0: Foul Ball, location: 2F
1-1: Ball
2-1: SINGLE (Groundball, 6D)
Gabriel Maldonado scores
César Gómes to third
Gerardo Castillo to second
Runner from 3rd tries for Home, SAFE, no throw
Batting: RHB Oliver Aranda 0-0: Ball
1-0: Ball
2-0: Called Strike
2-1: Ball
3-1: Swinging Strike
3-2: Strikes out looking
Batting: RHB Bernardo Herrera 0-0: Ball
1-0: Ball
2-0: Foul Ball, location: 2F
2-1: Swinging Strike
2-2: Strikes out looking
Batting: LHB Dewitt Hopper 0-0: Ball
1-0: Ball
2-0: Called Strike
2-1: Ball
3-1: Base on Balls
Gerardo Castillo to third
Lionel McCloud to second
Batting: RHB Armando Alvarado 0-0: Ball
1-0: Foul Ball, location: 2F
1-1: Foul Ball, location: 2F
1-2: Foul Ball, location: 2F
1-2: Fly out, F8 (Flyball, 8RM)
Bottom of the 2nd over - 2 runs, 1 hit, 0 errors, 3 left on base; Vancouver 1 - Montana 2
TOP OF THE 3RD
Vancouver Grey Wolves batting - Pitching for Montana Pandas : RHP Mick Alston
Batting: RHB Urs van Munster 0-0: Ball
1-0: Called Strike
1-1: Ground out U3 (Groundball, 3L)
Batting: LHB Preston Witt 0-0: Fly out, F7 (Flyball, 7LD)
Batting: LHB Michael Malloy 0-0: Swinging Strike
0-1: Foul Ball, location: 2F
0-2: Fly out, F7 (Flyball, 7LM)
Top of the 3rd over - 0 runs, 0 hits, 0 errors, 0 left on base; Vancouver 1 - Montana 2
BOTTOM OF THE 3RD
Montana Pandas batting - Pitching for Vancouver Grey Wolves : RHP Ambrose Randall
Batting: RHB Tommy Jones 0-0: Ball
1-0: DOUBLE (Line Drive, 7LS)
Batting: RHB Gabriel Maldonado 0-0: Ground out 6-3 (Groundball, 6)
Batting: LHB César Gómes 0-0: Ball
1-0: SINGLE (Groundball, 4D)
Tommy Jones to third
Batting: RHB Gerardo Castillo 0-0: Called Strike
César Gómes steals 2nd base
0-1: Called Strike
0-2: Ball
1-2: Ground out 3-1 (Groundball, 34)
Tommy Jones scores
César Gómes to third
Batting: RHB Lionel McCloud 0-0: Ball
1-0: Fly out, F9 (Flyball, 9LSF)
Bottom of the 3rd over - 1 run, 2 hits, 0 errors, 1 left on base; Vancouver 1 - Montana 3
TOP OF THE 4TH
Vancouver Grey Wolves batting - Pitching for Montana Pandas : RHP Mick Alston
Batting: RHB Hugh Mungus 0-0: Ball
1-0: Ball
2-0: Ground out 5-3 (Groundball, 56)
Batting: LHB Johan Kroening 0-0: Called Strike
0-1: Ball
1-1: Fly out, F4 (Line Drive, 4)
Batting: RHB Sixto Estrada 0-0: Ball
1-0: Foul Ball, location: 2F
1-1: Called Strike
1-2: Foul Ball, location: 2F
1-2: Strikes out swinging
Top of the 4th over - 0 runs, 0 hits, 0 errors, 0 left on base; Vancouver 1 - Montana 3
BOTTOM OF THE 4TH
Montana Pandas batting - Pitching for Vancouver Grey Wolves : RHP Ambrose Randall
Batting: RHB Oliver Aranda 0-0: Ball
1-0: Called Strike
1-1: Called Strike
1-2: Ball
2-2: Foul Ball, location: 2F
2-2: Ball
3-2: Ground out 6-3 (Groundball, 6S)
Batting: RHB Bernardo Herrera 0-0: Ball
1-0: DOUBLE (Line Drive, 7LM)
Batting: LHB Dewitt Hopper 0-0: Swinging Strike
0-1: Foul Ball, location: 2F
0-2: Ball
1-2: Ball
2-2: Ball
3-2: DOUBLE (Flyball, 8RXD)
Bernardo Herrera scores
Batting: RHB Armando Alvarado 0-0: Ball
1-0: Ground out 5-3 (Groundball, 56)
Batting: RHB Tommy Jones 0-0: Ball
1-0: Fly out, F1 (Line Drive, 13)
Bottom of the 4th over - 1 run, 2 hits, 0 errors, 1 left on base; Vancouver 1 - Montana 4
TOP OF THE 5TH
Vancouver Grey Wolves batting - Pitching for Montana Pandas : RHP Mick Alston
Batting: RHB José Jarca 0-0: Ball
1-0: Foul Ball, location: 2F
1-1: Ground out U3 (Groundball, 3)
Batting: RHB Ángelo Delgado 0-0: Called Strike
0-1: Swinging Strike
0-2: Ball
1-2: Ball
2-2: Ball
3-2: SINGLE (Line Drive, 5D)
Batting: RHB Dhyana Snigdha 0-0: Ball
1-0: Called Strike
1-1: Ball
2-1: Ball
3-1: Called Strike
3-2: DOUBLE (Line Drive, 9LS)
Ángelo Delgado to third
Runner from 3rd tries for Home, SAFE, throw made at trailing runner, SAFE at third!
Pitching: RHP Ryan Peterson
Batting: RHB Urs van Munster 0-0: Foul Ball, location: 2F
0-1: Swinging Strike
0-2: Ground out 3-1 (Groundball, 34S)
Dhyana Snigdha scores
Batting: LHB Preston Witt 0-0: Called Strike
0-1: Ball
1-1: Ball
2-1: Ground out 3-1 (Groundball, 34S)
Top of the 5th over - 2 runs, 2 hits, 0 errors, 0 left on base; Vancouver 3 - Montana 4
BOTTOM OF THE 5TH
Montana Pandas batting - Pitching for Vancouver Grey Wolves : RHP Ambrose Randall
Batting: RHB Gabriel Maldonado 0-0: Ball
1-0: Ball
2-0: Foul Ball, location: 2F
2-1: SOLO HOME RUN (Flyball, 7LD), Distance : 344 ft
Batting: LHB César Gómes 0-0: Ball
1-0: Called Strike
1-1: Ground out U3 (Groundball, 3L)
Batting: RHB Gerardo Castillo 0-0: Ground out 6-3 (Groundball, 6)
Batting: RHB Lionel McCloud 0-0: Swinging Strike
0-1: Ground out 5-3 (Groundball, 5L)
Bottom of the 5th over - 1 run, 1 hit, 0 errors, 0 left on base; Vancouver 3 - Montana 5
TOP OF THE 6TH
Vancouver Grey Wolves batting - Pitching for Montana Pandas : RHP Ryan Peterson
Batting: LHB Michael Malloy 0-0: Ball
1-0: Ball
2-0: Foul Ball, location: 2F
2-1: Foul Ball, location: 2F
2-2: Ball
3-2: SINGLE (Line Drive, 56D)
Batting: RHB Hugh Mungus 0-0: Ball
Michael Malloy steals 2nd base
1-0: DOUBLE (Line Drive, 7LD)
Michael Malloy scores
Batting: LHB Johan Kroening 0-0: Ball
1-0: Called Strike
1-1: Ball
2-1: Foul Ball, location: 2F
2-2: Strikes out looking
Batting: RHB Sixto Estrada 0-0: Ball
1-0: Called Strike
1-1: Swinging Strike
1-2: Foul Ball, location: 2F
1-2: Ball
2-2: Foul Ball, location: 2F
2-2: Strikes out swinging
Batting: RHB José Jarca 0-0: Ball
1-0: Ball
2-0: Foul Ball, location: 2F
2-1: Called Strike
2-2: Ball
3-2: Base on Balls
Batting: RHB Ángelo Delgado 0-0: Ball
1-0: Called Strike
1-1: Called Strike
1-2: 3-RUN HOME RUN (Flyball, 78XD), Distance : 393 ft
Pitching: RHP Ieyoshi Asai
Batting: RHB Dhyana Snigdha 0-0: Called Strike
0-1: Ground out 1-3 (Groundball, P)
Top of the 6th over - 4 runs, 3 hits, 0 errors, 0 left on base; Vancouver 7 - Montana 5
BOTTOM OF THE 6TH
Montana Pandas batting - Pitching for Vancouver Grey Wolves : RHP Ambrose Randall
Batting: RHB Oliver Aranda 0-0: Ball
1-0: Ball
2-0: Ground out 1-3 (Groundball, 13)
Batting: RHB Bernardo Herrera 0-0: Called Strike
0-1: Ground out 1-3 (Groundball, 15S)
Batting: LHB Dewitt Hopper 0-0: Foul Ball, location: 2F
0-1: Fly out, F9 (Line Drive, 9D)
Bottom of the 6th over - 0 runs, 0 hits, 0 errors, 0 left on base; Vancouver 7 - Montana 5
TOP OF THE 7TH
Vancouver Grey Wolves batting - Pitching for Montana Pandas : RHP Ieyoshi Asai
Batting: RHB Urs van Munster 0-0: Ball
1-0: Swinging Strike
1-1: Swinging Strike
1-2: SINGLE (Line Drive, 6MD)
Batting: LHB Preston Witt 0-0: Ball
1-0: Foul Ball, location: 2F
1-1: Ball
2-1: Ball
3-1: Grounds into double play, 4-6-3 (Groundball, 4)
Batting: LHB Michael Malloy 0-0: Ball
1-0: Fly out, F7 (Flyball, 7LM)
Top of the 7th over - 0 runs, 1 hit, 0 errors, 0 left on base; Vancouver 7 - Montana 5
BOTTOM OF THE 7TH
Montana Pandas batting - Pitching for Vancouver Grey Wolves : RHP Ambrose Randall
Pitching: LHP Ramón Costello
Batting: RHB Armando Alvarado 0-0: Ball
1-0: Ball
2-0: Ball
3-0: Ground out 6-3 (Groundball, 6)
Batting: RHB Tommy Jones 0-0: Ground out 6-3 (Groundball, 56D)
Batting: RHB Gabriel Maldonado 0-0: Ball
1-0: Foul Ball, location: 2F
1-1: Ball
2-1: Called Strike
2-2: SOLO HOME RUN (Flyball, 7LD), Distance : 348 ft
Batting: LHB César Gómes 0-0: Ball
1-0: Bunted foul
1-1: Swinging Strike
1-2: Strikes out looking
Bottom of the 7th over - 1 run, 1 hit, 0 errors, 0 left on base; Vancouver 7 - Montana 6
TOP OF THE 8TH
Vancouver Grey Wolves batting - Pitching for Montana Pandas : RHP Ieyoshi Asai
Batting: RHB Hugh Mungus 0-0: Fly out, F5 (Popup, 5)
Batting: LHB Johan Kroening 0-0: Ball
1-0: Swinging Strike
1-1: Ground out 6-3 (Groundball, 6M)
Batting: RHB Sixto Estrada 0-0: Called Strike
0-1: Ball
1-1: Swinging Strike
1-2: Foul Ball, location: 2F
1-2: Ball
2-2: Ball
3-2: Strikes out swinging
Top of the 8th over - 0 runs, 0 hits, 0 errors, 0 left on base; Vancouver 7 - Montana 6
BOTTOM OF THE 8TH
Montana Pandas batting - Pitching for Vancouver Grey Wolves : LHP Ramón Costello
Now at C: Joe Phillips
Batting: RHB Gerardo Castillo 0-0: Called Strike
0-1: Ball
1-1: Fly out, F7 (Flyball, 7LD)
Batting: RHB Lionel McCloud 0-0: Foul Ball, location: 2F
0-1: Ball
1-1: Ball
2-1: Ball
3-1: Base on Balls
Batting: RHB Oliver Aranda 0-0: Ball
1-0: Called Strike
1-1: Grounds into double play, 3-6-1 (Groundball, 3)
Bottom of the 8th over - 0 runs, 0 hits, 0 errors, 0 left on base; Vancouver 7 - Montana 6
TOP OF THE 9TH
Vancouver Grey Wolves batting - Pitching for Montana Pandas : RHP Ieyoshi Asai
Batting: RHB José Jarca 0-0: Ball
1-0: Called Strike
1-1: Ball
2-1: Ball
3-1: Base on Balls
Batting: RHB Joe Phillips 0-0: Ball
1-0: Ground out 4-3 (Groundball, 34D)
José Jarca to second
Batting: RHB Dhyana Snigdha 0-0: Called Strike
0-1: Ground out 6-3 (Groundball, 6)
José Jarca to third
Batting: RHB Urs van Munster 0-0: Foul Ball, location: 2F
0-1: Ball
1-1: Foul Ball, location: 2F
1-2: Foul Ball, location: 2F
1-2: SINGLE (Line Drive, 6M)
José Jarca scores
Batting: LHB Preston Witt 0-0: Called Strike
0-1: Ball
1-1: Ball
2-1: Called Strike
2-2: Ball
Urs van Munster steals 2nd base
3-2: Foul Ball, location: 2F
3-2: Strikes out swinging
Top of the 9th over - 1 run, 1 hit, 0 errors, 1 left on base; Vancouver 8 - Montana 6
BOTTOM OF THE 9TH
Montana Pandas batting - Pitching for Vancouver Grey Wolves : LHP Ramón Costello
Batting: RHB Bernardo Herrera 0-0: Called Strike
0-1: Ground out 5-3 (Groundball, 56S)
Batting: LHB Dewitt Hopper 0-0: Called Strike
0-1: Ball
1-1: DOUBLE (Flyball, 8RXD)
Batting: RHB Armando Alvarado 0-0: Ball
1-0: Foul Ball, location: 2F
1-1: Ground out 3-1 (Groundball, 34)
Dewitt Hopper to third
Batting: RHB Tommy Jones 0-0: Ball
1-0: Fly out, F5 (Popup, 56)
Bottom of the 9th over - 0 runs, 1 hit, 0 errors, 1 left on base; Vancouver 8 - Montana 6
Friday, March 29th, 2019 - OOTP Baseball 18.8 Build 76